woodfighter, chaotic female orcish Cavewoman ------- ---- ------ --- |..|..| ---..-- ---.--.--- --.--- --.....-- |.....| ---........------ |....--- --.......| --.....|----............|..-- --.....| ---- --........-- --- |......--.|.....|...........-- --.....| --..-----..........--|.| -------.....%%.....|.---..|......^.----.....-- |....--.........%.).--.| --.%|....----......----|...|--........|..>..-- ---........%).%.....%)...-- |......--- -.....-- ---.--- |..............| |...---.....|.-.|.---.....----.....| ..q....| --...| --.---.----...-- |.--- ----.-|...|-- ---.-..---...--- .....-----...--- --- --- ----- |.| ----.----- |..........| .|..-- |......| |.| ----|...|--.| --.......--- |..| -......-- |.| |..--.---|..|--- |-.......| ---- ........| ---.| |...^..--|..--.---.......-- --(|.---- |...-- --.......|--.....|.......-- .---- |....|--........| --.........--.--- ---..|.......---- |......----|...| ---|.^.(.--- ----.--- --..| |.- ----.-- --- |..| .<| --- ---- --- woodfighter the Young Cave Woman Experience level: 9 Strength: 18/01 Dexterity: 14 Constitution: 16 Intelligence: 8 Wisdom: 10 Charisma: 5 Health: 0(56) Energy: 32(32) Def: 11 Gold: 0 Moves: 11014 Dungeon seed: RgGhWhgTjTeLzg4- Game ID: woodfighter_1488680701 Your Inventory: Weapons a - a +1 club (weapon in hand) b - a +2 sling (alternate weapon; not wielded) Armor c - a blessed +2 helmet (being worn) n - an uncursed +0 elven shield (being worn) q - an uncursed +0 pair of leather gloves A - an uncursed +0 dwarvish mithril-coat (being worn) G - an uncursed +0 cloak of displacement (being worn) Y - an uncursed thoroughly rusty +0 pair of kicking boots (being worn) Comestibles j - an uncursed eucalyptus leaf H - 3 uncursed sprigs of wolfsbane Q - 2 uncursed candy bars S - 3 uncursed bananas Z - an uncursed lizard corpse Rings J - an uncursed ring of invisibility (on left hand) Wands d - a wand of digging (0:7) u - a wand of striking (0:5) C - a wand of fire (0:5) N - a wand of digging (0:6) P - a wand of striking (0:7) T - a wand of make invisible (0:4) W - a wand of teleportation (0:4) Tools r - a +0 pick-axe s - an uncursed bag of holding w - an uncursed stethoscope B - a can of grease (0:16) L - a bag of tricks (0:11) Gems e - 10 uncursed flints (in quiver) Contents of the bag of holding: 586 gold pieces a [uncursed] [+0] dwarvish cloak a [uncursed] [+0] dwarvish cloak a [uncursed] [+0] dwarvish cloak a [uncursed] [+0] dwarvish cloak a [uncursed] [+0] dwarvish cloak a [cursed] [+0] dwarvish cloak a [uncursed] [+0] dwarvish cloak a [uncursed] [+0] dwarvish cloak a [uncursed] [+0] dwarvish cloak a [uncursed] [+1] dwarvish cloak a [cursed] [-2] dwarvish cloak a [uncursed] [+0] dwarvish cloak a [cursed] [-1] pair of levitation boots 2 [uncursed] food rations 8 uncursed tripe rations a [uncursed] scroll of light a [blessed] potion of extra healing a [uncursed] potion of full healing a [uncursed] potion of object detection 4 [uncursed] tallow candles [0:200] 3 [uncursed] wax candles [0:400] Spells and supernatural/magical abilities: Name Level Category Fail Memory W - pray for help -- divine ? -- Your skills at the end: Miscellaneous Skills bare handed combat [Basic] Weapon Skills scimitar [Basic] club [Expert] sling [Basic] Spellcasting Skills Final Attributes: You were piously aligned. You were fire resistant. You were cold resistant. You were poison resistant. Your writing hand was ok. You were telepathic. You had infravision. You were invisible. You were displaced. You were somewhat stealthy. You were fast. You are dead. Vanquished creatures: 2 giant mimics a large mimic 2 quantum mechanics a shocking sphere 3 dwarf kings an ochre jelly a leocrotta a red naga a Grey-elf 2 wraiths 2 lynxes a leprechaun a lizard a mountain nymph a mumak a giant spider an ice vortex a forest centaur a gnome king 3 Green-elves a yeti a dog a dingo 2 dwarf lords a dust vortex 2 ravens a plains centaur a Woodland-elf 2 human zombies a yellow light 2 bugbears an imp a baby crocodile 2 wood nymphs a rock mole 2 rock piercers 3 ponies a fog cloud a violet fungus 18 gnome lords 3 gnomish wizards a kobold mummy a black naga hatchling a golden naga hatchling a gray ooze 2 barrow wights a paper golem a puppy a floating eye 17 dwarves 2 kobold lords 7 iguanas 3 hill orcs 2 rothes 4 jitterbugs 5 dwarf zombies a wererat a werejackal 11 killer bees 6 coyotes 3 gas spores 5 hobbits 5 acid blobs 6 geckos 5 giant rats a cave spider 2 brown molds a yellow mold 2 green molds 4 red molds 54 gnomes 2 garter snakes 3 manes 2 gnome zombies 17 jackals 4 foxes 2 kobolds 7 newts 3 goblins 6 sewer rats 7 grid bugs 10 bats 13 lichens a kobold zombie 309 creatures vanquished. Voluntary challenges: You did not cause conflict. You did not have reflection. You used a wielded weapon 486 times, starting on turn 2. You did not apply a unicorn horn. You did not use plumbed fixtures. You did not drink any magical draughts. You read items or engraved 5 times, starting on turn 3638. You never genocided any monsters. You never polymorphed an object. You never changed form. You completed Sokoban on turn 6215, according to the rules. You used no wishes. You never split a pudding. You never wrote Elbereth's name. You never violated your personal moral code. Dungeon overview: The Dungeons of Doom: levels 1 to 8 Level 1 some altars to Ishtar a long staircase Level 2 Level 3 a jewelry store, a fountain Level 4 a general store, a fountain, a sink stairs to The Gnomish Mines Level 5 a fountain Level 6 many fountains Level 7 (locked box) a fountain stairs to Sokoban Level 8 The Gnomish Mines: levels 5 to 13 Level 5 stairs to The Dungeons of Doom Level 6 Level 7 Level 8 many shops, a temple to Ishtar, a magic chest, some trees Level 9 Level 10 Level 11 Level 12 <- You were here Level 13 Sokoban: levels 3 to 6 Level 3 a magic chest Level 4 a sink Level 5 a fountain Level 6 an altar to Anshar, a magic chest stairs to The Dungeons of Doom History has recorded: On T:1 you entered the Dungeons of Doom to retrieve the Amulet of Yendor! On T:306 you reached level 2 of The Dungeons of Doom. On T:739 you reached level 3 of The Dungeons of Doom. On T:886 you advanced to experience level 2. On T:1106 you reached level 4 of The Dungeons of Doom. On T:1113 you advanced to experience level 3. On T:1923 you reached level 5 of The Dungeons of Doom. On T:2140 you advanced to experience level 4. On T:2256 you reached level 1 of The Gnomish Mines. On T:2480 you advanced to experience level 5. On T:2502 you reached level 6 of The Dungeons of Doom. On T:3028 you reached level 7 of The Dungeons of Doom. On T:3159 you reached level 4 of Sokoban. On T:3173 you reached level 8 of The Dungeons of Doom. On T:3479 you advanced to experience level 6. On T:3630 you opened a magic chest. On T:3931 you reached level 3 of Sokoban. On T:4770 you advanced to experience level 7. On T:4785 you reached level 2 of Sokoban. On T:5308 you reached level 1 of Sokoban. On T:6215 you advanced to experience level 8. On T:6215 you entered the Sokoban zoo. On T:6725 you reached level 2 of The Gnomish Mines. On T:7468 you reached level 3 of The Gnomish Mines. On T:8079 you reached level 4 of The Gnomish Mines. On T:8318 you reached level 5 of The Gnomish Mines. On T:8499 you entered the Minetown temple On T:8583 you advanced to experience level 9. On T:9094 you reached level 6 of The Gnomish Mines. On T:9787 you reached level 7 of The Gnomish Mines. On T:10324 you reached level 8 of The Gnomish Mines. On T:10858 you reached level 9 of The Gnomish Mines. On T:10858 you reached the bottom of the Mines. Score breakdown: Gold: 586 ( 58 points) Experience: 9 levels ( 800 points) Exploration: 13 levels ( 360 points) Discoveries: 33 items ( 1650 points) Variety of kills: 84 monsters ( 2000 points) Major goal: Sokoban/Mines ( 1500 points) Survival: died (score multiplied by 3) Total score: 19104 Latest messages: This cookie has a scrap of paper inside. It reads: They say that something very special would be in a well-protected place. You stop exploring. (2x) You hit the wood nymph! You kill the wood nymph! You are beginning to feel hungry. Blecch! Rotten food! You finish eating the mango. You hit the leocrotta! The leocrotta bumps right into you! The leocrotta claws you! The leocrotta bites! The leocrotta claws you! You hit the leocrotta! The leocrotta claws you! The leocrotta bites! The leocrotta misses. You hit the leocrotta! (2x) The leocrotta claws you! The leocrotta bites! The leocrotta misses. The leocrotta claws you! The leocrotta bites! The leocrotta claws you! You die... Final status: Goodbye woodfighter the Cavewoman, killed by a leocrotta... You died in The Gnomish Mines on dungeon level 12 with 19104 points, and 586 pieces of gold, after 11014 moves. You were level 9 with a maximum of 56 hit points when you died.